 Dungeon Crawl Stone Soup version 0.19.5 (webtiles) character file.

118 greprep the Sneak (level 4, -1/21 HPs)
             Began as a Spriggan Enchanter on May 7, 2017.
             Succumbed to an orc's poison
             ... on level 3 of the Dungeon.
             The game lasted 00:06:24 (3011 turns).

greprep the Sneak (Spriggan Enchanter)              Turns: 3011, Time: 00:06:25

Health: -1/21      AC:  3    Str:  7    XL:     4   Next: 72%
Magic:  5/9        EV: 24    Int: 16    God:
Gold:   109        SH:  0    Dex: 22    Spells: 2 memorised, 6 levels left

rFire  . . .     SeeInvis +     a - +1 dagger
rCold  . . .     Gourm    .     b - +1 robe
rNeg   . . .     Faith    .     (shield restricted)
rPois  .         Spirit   .     (helmet restricted)
rElec  .         Reflect  .     (no cloak)
rCorr  .         Harm     .     (gloves unavailable)
MR     .....                    (boots unavailable)
Stlth  +++++.....               (no amulet)
                                (no ring)
                                o - +3 ring of strength

@: agile, lethally poisoned (-1 -> -17), very quick
A: unfitting armour, see invisible, herbivore 3, speed 3, slow metabolism 2
a: no special abilities


You were on level 3 of the Dungeon.
You were not hungry.

You visited 1 branch of the dungeon, and saw 3 of its levels.

You collected 109 gold pieces.

Inventory:

Hand Weapons
 a - a +1 dagger (weapon)
Armour
 b - a +1 robe (worn)
Jewellery
 o - a +3 ring of strength (left hand)
Scrolls
 e - 2 scrolls of enchant armour {unknown}
 f - 3 scrolls of remove curse
 g - a scroll of recharging {unknown}
 h - a scroll of random uselessness {unknown}
 i - a scroll of amnesia {unknown}
 n - a scroll of blinking {unknown}
Potions
 j - a potion of cure mutation {unknown}
 k - a potion of invisibility {unknown}
 l - a potion of might {unknown}
Books
 c - a book of Maledictions

   Spells                             Type                      Level
   a - Corona                         Hexes                        1
   b - Ensorcelled Hibernation        Hexes/Ice                    2
   c - Confuse                        Hexes                        3
   d - Tukima's Dance                 Hexes                        3
   e - Dazzling Spray                 Conjuration/Hexes            3
Comestibles
 d - a bread ration


   Skills:
 + Level 0.2 Fighting
 + Level 1.3 Short Blades
 + Level 3.3 Dodging
 + Level 6.0 Stealth
 + Level 3.3 Spellcasting
 + Level 4.6 Hexes
 + Level 1.2 Ice Magic


You had 6 spell levels left.
You knew the following spells:

 Your Spells              Type           Power        Failure   Level  Hunger
a - Corona                Hex            ###....      3%          1    None
b - Ensorcelled Hibernat  Hex/Ice        ##....       10%         2    ##.....


Dungeon Overview and Level Annotations

Branches:
Dungeon (3/15)

Altars:
Trog


Innate Abilities, Weirdness & Mutations

You are very small and have problems with some larger weapons.
You are too small for most types of armour.
You have supernaturally acute eyesight. (SInv)
You are a herbivore.
You cover ground extremely quickly.
You need consume almost no food.


Message History

Beogh smites you!
Ouch! That really hurt!
The helpless orc fails to defend itself.
You impale the orc!!
You kill the orc!
Your Stealth skill increases to level 6!
A hobgoblin comes into view.
Casting: Ensorcelled Hibernation
Confirm with . or Enter, or press ? or * to list all spells.
Aiming: Ensorcelled Hibernation
Press: ? - help, Shift-Dir - straight line, f - orc
Aim: an orc, wielding a falchion (chance to defeat MR: 61%)
The orc resists with significant effort.
The orc completely misses you.
The orc hits you from afar with a trident of venom!
* * * LOW HITPOINT WARNING * * *
You are lethally poisoned!
It was a potion of agility.
You feel agile all of a sudden.
You die...

. ......#
#.#.....#
.......# #
#.....# .#
#.#.....## ###.#
......?..# #...#
# #<.# ... ..#
#.###..##o#..#
......$.@oo..#
.....#>.##o.#....
≈≈....... ..... #
.≈.....<.....g..#
.≈..###.#.##.####
.≈≈. ..#.# g# .≈
.##.# # .


You could see an orc priest, 3 orcs and a hobgoblin (wandering).

Vanquished Creatures
  5 gnolls
  2 adders (D:2)
  A worm (D:2)
  An orc (D:3)
  5 bats (D:1)
  2 giant cockroaches (D:1)
  A goblin (D:2)
  9 hobgoblins
  7 jackals
  3 kobolds (D:1)
  2 quokkas (D:2)
  4 frilled lizards
  4 rats
46 creatures vanquished.

Notes
Turn   | Place    | Note
-------+----------+-------------------------------------------
     0 | D:1      | greprep the Spriggan Enchanter began the quest for the Orb.
     0 | D:1      | Reached XP level 1. HP: 9/9 MP: 5/5
   144 | D:1      | Noticed a troll
   326 | D:1      | Reached XP level 2. HP: 13/13 MP: 6/6
   353 | D:1      | Learned a level 2 spell: Ensorcelled Hibernation
   950 | D:1      | Reached XP level 3. HP: 16/16 MP: 2/8
  1759 | D:2      | Reached skill level 5 in Stealth
  1879 | D:2      | Found a faded altar of an unknown god.
  1980 | D:2      | Found a bloodstained altar of Trog.
  2387 | D:2      | Reached XP level 4. HP: 21/21 MP: 9/9
  2394 | D:2      | Reached skill level 1 in Ice Magic
  3008 | D:3      | Reached skill level 6 in Stealth
  3010 | D:3      | HP: 1/21 [orc/trident of venom (8)]
  3011 | D:3      | Succumbed to an orc's poison

Skill      XL: |  1  2  3  4 |
---------------+-------------+-----
Hexes          | 4 |  4.6
Spellcasting   | 3 |  3.3
Stealth        | 5 6 |  6.0
Ice Magic      | 1 |  1.2
Fighting       | |  0.2
Short Blades   | |  1.3
Dodging        | |  3.3

Action                   |  1- 3 |  4- 6 || total
-------------------------+-------+-------++-------
Melee: Dagger            |   109 |    20 ||   129
 Cast: Corona            |    11 |       ||    11
       Ensorcelled Hiber |    25 |    14 ||    39
  Use: Scroll            |     1 |       ||     1
       Potion            |       |     1 ||     1
 Stab: Sleeping          |    20 |    12 ||    32
  Eat: Bread ration      |     1 |       ||     1
Armor: Robe              |    15 |     3 ||    18
Dodge: Dodged            |    91 |    18 ||   109
